 Dungeon Sprint DCSS version 0.31.0-32-g396128a36d (webtiles) character file.

Game seed: 10827933473468199212

829 Heoruswealwe the Spear-Bearer (level 7, -1/73 HPs)
             Began as a Minotaur Fighter on Mar 30, 2024.
             Was an Initiate of Gozag.
             Killed from afar by an orc wizard (3 damage)
             ... with a puff of flame
             ... in the Dungeon (Sprint IX: "|||||||||||||||||||||||||||||").
             The game lasted 00:01:30 (115 turns).

Heoruswealwe the Spear-Bearer (Minotaur Fighter)     Turns: 115, Time: 00:01:30

Health: -1/73      AC:  8    Str: 22    XL:     7   Next: 65%
Magic:  6/6        EV:  9    Int:  5    God:    Gozag
Gold:   0          SH:  4    Dex: 10    Spells: 6/6 levels left

rFire   . . .        a - +0 trident
rCold   . . .        d - +0 buckler
rNeg    . . .        c - +0 scale mail
rPois   .            (helmet restricted)
rElec   .            (no cloak)
rCorr   .            (no gloves)
SInv    .            (no boots)
Will    .....        (no amulet) Stlth
                     (no ring)
HPRegen 0.32/turn    (no ring)
MPRegen 0.10/turn

%: no teleportation
@: gold aura
A: horns 2, retaliatory headbutt
a: Renounce Religion, Potion Petition, Call Merchant, Bribe Branch


You were in the Dungeon.
You worshipped Gozag.
Gozag was noncommittal.
You visited 1 branch

Inventory:

Hand Weapons
 a - a +0 trident (weapon)
Armour
 c - a +0 scale mail (worn)
 d - a +0 buckler (worn)
Jewellery
 k - a +3 ring of intelligence
 l - a +3 ring of dexterity
Wands
 h - a wand of roots (10)
Scrolls
 j - 2 scrolls of blinking
Potions
 b - a potion of might
 e - 5 potions of curing
 f - 3 potions of heal wounds
 g - a potion of haste
 i - a potion of berserk rage


   Skills:
 + Level 10.8 Fighting
 * Level 14.2 Polearms
 + Level 10.8 Armour
 - Level 3.6 Shields


You had 6 spell levels left.
You didn't know any spells.
Your spell library was empty.

Dungeon Overview and Level Annotations

Branches:
Dungeon (1/1)

Altars:
Cheibriados
Dithmenos
Elyvilon
Fedhas
Gozag
Hepliaklqana
Kikubaaqudgha
Makhleb
Nemelex Xobeh
Okawaru
Qazlal
Ru
Sif Muna
Trog
Uskayaw
Vehumet
Wu Jian
Xom
Yredelemnul
Zin
The Shining One
Jiyva
Lugonu


Innate Abilities, Weirdness & Mutations

You have a pair of horns on your head.
You reflexively headbutt those who attack you in melee.


Message History

Your Polearms skill gained 4 levels and is now at level 14!
Your Armour skill gained 3 levels and is now at level 10!
You have reached level 6!
You have reached level 7!
The orc wizard misses you.
Things that are here:
117 gold pieces; a +0 dire flail; a +0 heavy dire flail You hit the orc wizard.
The orc wizard is moderately wounded.
The orc wizard casts a spell.
The orc wizard flickers and vanishes!
The orc wizard casts a spell at you. The magic dart hits you.
* * * LOW HITPOINT WARNING * * *
Unknown command.
You barely miss the orc wizard.
The orc wizard is moderately wounded.
You barely miss the orc wizard.
The orc wizard is moderately wounded.
The orc wizard hits you but does no damage.
You puncture the orc wizard! You headbutt the orc wizard.
You kill the orc wizard!
The vampire mosquito is distracted by your dazzling golden aura.
Something hits you but does no damage.
Things that are here:
45 gold pieces; a +0 dagger; a +0 robe You closely miss something.
The vampire mosquito buzzes angrily.
Your headbutt misses something.
You hear some strange, mumbled words.
Something tries to affect you, but you resist.
You miss something. Something hits you.
* * * LOW HITPOINT WARNING * * *
You barely miss something. You puncture something!
You hear some strange, mumbled words.
A puff of flame appears from out of thin air!
The puff of flame hits you.
You die...
Your body crumbles into a pile of gold. ▓▓▓▓▓▓▓▓▓▓▓▓▓▓▓▓▓▓▓▓▓▓ +Wy{{@$'..[[[.)?!'____ ▓▓▓▓▓▓▓▓▓▓▓▓▓▓▓▓▓▓▓▓▓▓

You could see a vampire mosquito and a shadow.

Vanquished Creatures
  A two-headed ogre (D)
  2 scorpions (D)
  A howler monkey (D)
  2 hounds (D)
  An orc wizard (D)
  A goblin (D)
  3 hobgoblins (D)
  A kobold (D)
12 creatures vanquished.

Notes
Turn   | Place    | Note
-------+----------+-------------------------------------------
     0 | D        | Heoruswealwe the Minotaur Fighter began the quest for the
                  | Orb.
     0 | D        | Reached XP level 1. HP: 19/19 MP: 0/0
     6 | D        | Reached skill level 3 in Polearms
    14 | D        | Reached skill level 4 in Polearms
    24 | D        | Noticed a hound
    24 | D        | Noticed a scorpion
    24 | D        | Noticed a howler monkey
    24 | D        | Noticed a scorpion
    24 | D        | Noticed a hound
    28 | D        | Killed a hound
    29 | D        | Reached skill level 5 in Fighting
    29 | D        | Reached skill level 5 in Polearms
    29 | D        | Reached skill level 5 in Armour
    29 | D        | Reached XP level 2. HP: 29/29 MP: 1/1
    29 | D        | Reached XP level 3. HP: 36/36 MP: 2/2
    37 | D        | Killed a scorpion
    38 | D        | Reached skill level 7 in Polearms
    38 | D        | Reached XP level 4. HP: 37/44 MP: 3/3
    41 | D        | Reached skill level 8 in Polearms
    46 | D        | Killed a scorpion
    47 | D        | Reached skill level 9 in Polearms
    47 | D        | Reached XP level 5. HP: 29/52 MP: 4/4
    49 | D        | Reached skill level 10 in Polearms
    55 | D        | Found a snail-covered altar of Cheibriados.
    55 | D        | Found a shadowy altar of Dithmenos.
    55 | D        | Found a white marble altar of Elyvilon.
    55 | D        | Found a blossoming altar of Fedhas.
    55 | D        | Found an opulent altar of Gozag.
    56 | D        | Found a hazy altar of Hepliaklqana.
    57 | D        | Found a viscous altar of Jiyva.
    58 | D        | Found an ancient bone altar of Kikubaaqudgha.
    59 | D        | Found a corrupted altar of Lugonu.
    60 | D        | Found a burning altar of Makhleb.
    61 | D        | Found a sparkling altar of Nemelex Xobeh.
    62 | D        | Found an iron altar of Okawaru.
    63 | D        | Became a worshipper of Gozag Ym Sagoz the Greedy
    64 | D        | Found a stormy altar of Qazlal.
    65 | D        | Found a sacrificial altar of Ru.
    66 | D        | Found a shimmering blue altar of Sif Muna.
    67 | D        | Found a bloodstained altar of Trog.
    68 | D        | Found a hide-covered altar of Uskayaw.
    69 | D        | Found a radiant altar of Vehumet.
    70 | D        | Found an ornate altar of the Wu Jian Council.
    71 | D        | Found a shimmering altar of Xom.
    72 | D        | Found a basalt altar of Yredelemnul.
    73 | D        | Found a glowing silver altar of Zin.
    74 | D        | Found a glowing golden altar of the Shining One.
    99 | D        | Noticed a shadow
    99 | D        | Noticed a vampire mosquito
    99 | D        | Noticed a vampire
    99 | D        | Noticed a two-headed ogre
   105 | D        | Killed a two-headed ogre
   105 | D        | HP: 2/53 [orc wizard/puff of flame (1)]
   106 | D        | Reached skill level 10 in Fighting
   106 | D        | Reached skill level 14 in Polearms
   106 | D        | Reached skill level 10 in Armour
   106 | D        | Reached XP level 6. HP: 3/67 MP: 5/5
   106 | D        | Reached XP level 7. HP: 3/73 MP: 6/6
   113 | D        | HP: 1/73 [something (2)]
   115 | D        | Killed from afar by an orc wizard

Illustrated notes

Levels and vault maps discovered:
D:        linesprint [early_d, line_temple, items_1, d_10, items_2, lair_1,
          lair_end, items_3, orc_1, orc_end, items_4, d_15, swamp_1, shoals_1,
          snake_1, spider_1, d_20, vaults_1, items_5, swamp_end, shoals_end,
          snake_end, spider_end, vaults_end, d_27, items_6, zot_1, zot_end,
          crypt_end, forest_end, elf_end, slime_end, tomb_end, abyss_end,
          pan_hell_end]

Skill      XL: |  1  2  3  4  5 |
---------------+----------------+-----
Polearms       | 5 7 9 14 | 14.2
Fighting       | 5 6 7 10 | 10.8
Armour         | 5 6 7 10 | 10.8
Shields        | |  3.6

Action                     |  1- 3 |  4- 6 |  7- 9 || total
---------------------------+-------+-------+-------++-------
  Melee: Trident           |    21 |    16 |     8 ||    45
         Headbutt          |     2 |     5 |     1 ||     8
 Armour: Scale mail        |    14 |     9 |     5 ||    28
  Dodge: Dodged            |     6 |     5 |     1 ||    12
  Block: Buckler           |     4 |     2 |       ||     6
